 Dungeon Crawl Stone Soup version 0.31-a0-845-g9abc20d24f (webtiles) character file.

Game seed: 14968181904683793961

2862 BinkBink the Ruffian (level 9, -4/88 HPs)
             Began as a Troll Shapeshifter on Oct 3, 2023.
             Was an Initiate of Dithmenos.
             Slain by a red ugly thing (20 damage)
             ... on level 7 of the Dungeon.
             The game lasted 00:09:05 (5116 turns).

BinkBink the Ruffian (Troll Shapeshifter)           Turns: 5116, Time: 00:09:06

Health: -4/88      AC: 10    Str: 28    XL:     9   Next: 47%
Magic:  8/8        EV:  8    Int:  6    God:    Dithmenos [......]
Gold:   484        SH:  8    Dex:  9    Spells: 8/8 levels left

rFire   . .          .
                       - Unarmed
rCold   . . .        x - +0 kite shield
rNeg    . . .        j - +2 robe {Will+}
rPois   .            (helmet currently unavailable)
rElec   .            (cloak currently unavailable)
rCorr   .            (gloves unavailable)
SInv    +            (boots unavailable)
Will    +....        (no amulet)
Stlth   +            o - ring of see invisible
HPRegen 1.14/turn    D - +4 ring of protection
MPRegen 0.11/turn

%: no passive effects
@: mighty, beast-form, attractive
A: beast (slay +3), large, unfitting armour, claws 3, regeneration 1, shaggy fur
1, tough skin 1
a: Begin Untransformation, Renounce Religion


You were on level 7 of the Dungeon.
You worshipped Dithmenos.
Dithmenos was noncommittal.
You were a hulking beast.
You visited 2 branches of the dungeon, and saw 8 of its levels.

You collected 484 gold pieces.

Inventory:

Hand Weapons
 w - the +8 hand axe of an ossuary {vamp, rC+ rN+}
   (You found it on level 4 of the Dungeon)

   rC+:       It protects you from cold.
   rN+:       It protects you from negative energy.
Missiles
 m - a throwing net
Armour
 j - a +2 robe of willpower (worn)
 x - a +0 kite shield (worn)
 C - a +1 cloak
Jewellery
 f - a ring of magical power
 o - a ring of see invisible (left claw)
 D - a +4 ring of protection (right claw)
Talismans
 c - a beast talisman (active)
 d - a flux talisman
Wands
 n - a wand of mindburst (26)
 v - a wand of paralysis (15)
 B - a wand of flame (3)
 F - a wand of acid (8)
Scrolls
 a - a scroll of torment {unknown}
 g - 4 scrolls of teleportation {unknown}
 k - 4 scrolls of identify {unknown}
 l - a scroll of amnesia {unknown}
 s - a scroll of enchant weapon
 y - a scroll of immolation {unknown}
 A - 3 scrolls of vulnerability {unknown}
 E - a scroll of enchant armour {unknown}
 G - 2 scrolls of noise {unknown}
Potions
 b - 2 potions of lignification
 e - a potion of brilliance {unknown}
 h - a potion of invisibility {unknown}
 i - a potion of haste {unknown}
 p - a potion of might
 q - a potion of resistance {unknown}
 r - a potion of mutation {unknown}
 t - 2 potions of heal wounds {unknown}
 u - 2 potions of attraction
 z - a potion of curing {unknown}


   Skills:
 + Level 5.4 Fighting
 + Level 3.9 Axes
 - Level 1.5 Dodging
 + Level 4.3 Shields
 - Level 6.8 Unarmed Combat
 + Level 6.7 Shapeshifting


You had 8 spell levels left.
You didn't know any spells.
Your spell library contained the following spells:

 Spells                   Type           Power      Damage    Failure   Level
 Magic Dart               Conj           0%         1d3       67%         1
 Sandblast                Erth           0%         2d4       67%         1
 Call Imp                 Summ           0%         N/A       82%         2
 Lesser Beckoning         Tloc           0%         N/A       82%         2
 Passwall                 Tmut/Erth      0%         N/A       82%         2
 Gell's Gravitas          Tloc           0%         N/A       96%         3
 Ignite Poison            Fire/Tmut/Pois 0%         N/A       96%         3
 Mephitic Cloud           Conj/Pois/Air  0%         N/A       96%         3
 Ozocubu's Armour         Ice            0%         N/A       96%         3
 Stone Arrow              Conj/Erth      0%         3d7       96%         3
 Teleport Other           Tloc           0%         N/A       96%         3
 Brom's Barrelling Bould  Conj/Erth      0%         2d3       100%        4
 Sticky Flame             Conj/Fire      0%         2d3       100%        4
 Metabolic Englaciation   Hex/Ice        0%         N/A       100%        5
 Simulacrum               Ice/Necr       0%         N/A       100%        6
 Ignition                 Fire           0%         3d3       100%        8


Dungeon Overview and Level Annotations

Branches:
Dungeon (7/15)             Temple (1/1) D:5

Altars:
Ashenzari
Dithmenos
Elyvilon
Fedhas
Hepliaklqana
Makhleb
Nemelex Xobeh
Qazlal
Ru
Sif Muna
Trog
Wu Jian
Yredelemnul
Zin
The Shining One


Innate Abilities, Weirdness & Mutations

You are a hulking beast.
Your limbs bulge with bestial killing power. (Slay +3)
You are too large for most types of armour.
You have claws for hands.
Your natural rate of healing is unusually fast.
You are covered in fur. (AC +1)
You have tough skin. (AC +1)


Message History

A bullfrog comes into view.
A water moccasin comes into view.
A white imp comes into view.
The white imp shouts, "Decamp, thou mammering flap-mouthed hedge-pig!"
The bullfrog gives a loud, deep croak!
You hear a shout!
You scratch the red ugly thing.
The red ugly thing is lightly wounded.
The red ugly thing claws you.
You are engulfed in flames!
The bullfrog attacks as it pursues you! The bullfrog hits you.
The red ugly thing claws you.
You are engulfed in flames!
The bullfrog attacks as it pursues you! The bullfrog hits you.
The white imp shouts, "Begone, thou grime-gilt ill-nurtured canker-blossom!"
You block the white imp's attack. The white imp gestures at you.
The puff of frost hits you.
There are monsters nearby!
You closely miss the water moccasin.
The water moccasin bites you but does no damage.
Unknown command.
You barely miss the water moccasin. The water moccasin misses you.
It was a potion of attraction.
You feel attractive to monsters.
The water moccasin bites you but does no damage.
The water moccasin closely misses you.
As you read the scroll labelled TUTISHR BETACUSM, it crumbles to dust.
It is a scroll of enchant weapon.
You aren't carrying any weapons that can be enchanted.
You scratch the red ugly thing but do no damage.
You scratch the red ugly thing.
The red ugly thing is lightly wounded.
The red ugly thing claws you.
You are engulfed in flames!
You mangle the red ugly thing!!
The red ugly thing is moderately wounded.
The red ugly thing claws you!
You are engulfed in flames!
* * * LOW HITPOINT WARNING * * *
It was a potion of might.
You feel very mighty all of a sudden. The red ugly thing claws you.
* * * LOW HITPOINT WARNING * * *
You are engulfed in flames!!
You die...

#.####.####...##..........
#.####.####...##....#..##.
#.........#...##...#....#
#.........#.......##.....
#.........#.....5.# ...
#.........#....Fl## #.
################S# . #u#
.. #h# #..# #...# ###...
.... ...... ..... .....
#+#######


You could see a red ugly thing, a water moccasin, a bullfrog, an iguana and a
white imp.

Vanquished Creatures
  A boulder beetle (D:7)
  Pikel (D:6)
  Sigmund (D:2)
  A water moccasin (D:6)
  2 ice beasts
  3 ogres (D:5)
  A phantom (D:4)
  3 scorpions
  4 wights (D:6)
  3 hounds
  A sleepcap (D:6)
  Natasha (twice) (D:4)
  7 iguanas
  3 orc wizards
  Terence (D:2)
  A mummy (D:4)
  9 adders
  7 gnolls
  A shadow imp (D:3)
  An ufetubus (D:5)
  5 worms
  4 dart slugs
  18 orcs
  9 ball pythons
  5 endoplasms
  2 giant cockroaches
  5 goblins
  A hobgoblin (D:4)
  3 jackals (D:1)
  7 quokkas
  5 bats
  3 frilled lizards
  A hobgoblin zombie (D:4)
  3 kobolds
  A kobold zombie (D:4)
  2 orc zombies (D:4)
  5 rats
132 creatures vanquished.

Notes
Turn   | Place    | Note
-------+----------+-------------------------------------------
     0 | D:1      | BinkBink the Troll Shapeshifter began the quest for the
                  | Orb.
     0 | D:1      | Reached XP level 1. HP: 18/18 MP: 0/0
   118 | D:1      | Reached skill level 1 in Fighting
   140 | D:1      | Reached XP level 2. HP: 27/27 MP: 1/1
   679 | D:1      | Reached XP level 3. HP: 33/33 MP: 2/2
   940 | D:2      | Noticed a floating eye
   940 | D:2      | Found a faded altar of an unknown god.
   946 | D:2      | Noticed a great orb of eyes
   998 | D:2      | Noticed Sigmund
  1049 | D:2      | Killed Sigmund
  1050 | D:2      | Reached XP level 4. HP: 42/42 MP: 3/3
  1050 | D:2      | Reached XP level 5. HP: 49/49 MP: 4/4
  1211 | D:2      | Noticed Terence
  1216 | D:2      | Killed Terence
  1217 | D:2      | Reached skill level 5 in Unarmed Combat
  1401 | D:2      | Noticed a great orb of eyes
  1408 | D:2      | Noticed a shining eye
  1585 | D:3      | Reached XP level 6. HP: 59/59 MP: 5/5
  2238 | D:3      | Found a faded altar of an unknown god.
  2242 | D:3      | Found a shadowy altar of Dithmenos.
  2584 | D:4      | Found a broken altar of Ashenzari.
  2639 | D:4      | Identified the +6 dagger "Gurikam" {freeze, Will+ Stlth+}
  2681 | D:4      | You fall into a shaft and drop 3 floors!
  2749 | D:5      | Entered Level 5 of the Dungeon
  2773 | D:5      | Reached XP level 7. HP: 67/67 MP: 6/6
  3192 | D:4      | Identified the +8 hand axe of an ossuary {vamp, rC+ rN+}
  3236 | D:4      | Noticed Natasha
  3242 | D:4      | Killed Natasha
  3452 | D:5      | Reached skill level 5 in Shapeshifting
  3462 | D:5      | Reached skill level 1 in Shields
  3485 | D:5      | Reached skill level 1 in Axes
  3532 | D:5      | Reached XP level 8. HP: 63/78 MP: 7/7
  3872 | D:5      | Found a staircase to the Ecumenical Temple.
  3897 | Temple   | Entered the Ecumenical Temple
  3928 | D:4      | Noticed Natasha
  3931 | D:4      | Killed Natasha
  3971 | D:3      | Became a worshipper of Dithmenos the Shadowed
  4212 | D:6      | Noticed Pikel
  4235 | D:6      | Killed Pikel
  4269 | D:6      | Reached XP level 9. HP: 68/87 MP: 8/8
  4438 | D:6      | Found an ornate altar of the Wu Jian Council.
  4638 | D:6      | Reached skill level 5 in Fighting
  4688 | D:6      | Found a glowing golden altar of the Shining One.
  4986 | D:7      | Noticed a boulder beetle
  5030 | D:7      | Killed a boulder beetle
  5096 | D:7      | Noticed a red ugly thing
  5116 | D:7      | Slain by a red ugly thing

Illustrated notes

Levels and vault maps discovered:
D:1:      tarquinn_simple_flora_water_e, layout_loops_corners
D:2:      layout_rooms, hellmonk_ecumenical_altar_watching_god, uniq_sigmund,
          uniq_terence
D:3:      layout_loops_ring, nicolae_overflow_ecumenical_swirl, minivault_5,
          chequers_arboretum, minmay_misc_feat_five, st_stairs_12, fountainhead
D:4:      layout_basic, cheibrodos_ashenzari_chains, grunt_decor_clamped,
          minmay_mini_ossuary, uniq_natasha
D:5:      layout_basic, temple_pool_b
D:6:      layout_loops_ring, mainiacjoe_overflow_24_doors, tso_altar, uniq_pikel
D:7:      layout_gridville, lemuel_round_altar, minmay_manual_moon
Temple:   nicolae_temple_ecumenical_triangle

Skill      XL: |  1  2  3  4  5  6  7  8  9 |
---------------+----------------------------+-----
Fighting       | 1 2 3 4 5 |  5.4
Unarmed Combat | 4 5 6 |  6.8
Shapeshifting  | 4 5 6 |  6.7
Shields        | 1 3 4 |  4.3
Axes           | 1 3 |  3.9
Dodging        | |  1.5

Action                     |  1- 3 |  4- 6 |  7- 9 || total
---------------------------+-------+-------+-------++-------
  Melee: Unarmed           |    61 |   131 |   173 ||   365
         Punch             |       |     1 |     5 ||     6
    Use: Potion            |       |       |     2 ||     2
         Scroll            |       |       |     1 ||     1
   Stab: Sleeping          |     2 |       |       ||     2
 Armour: Animal skin       |    22 |       |       ||    22
         Robe              |     7 |    82 |   104 ||   193
  Dodge: Dodged            |    30 |    54 |    53 ||   137
  Block: Kite shield       |       |       |     7 ||     7

Table legend: (Time is in decaauts)
 A = Elapsed time spent in this place.
 B = Non-inter-level travel time spent in this place.
 C = Inter-level travel time spent in this place.
 D = Time resting spent in this place.
 E = Time spent auto-exploring this place.
 F = Levels seen in this place.
 G = Mean time per level.
                   A        B        C        D        E       F      G
               +--------+--------+--------+--------+--------+-----+--------+
         Total |   5079 |   4682 |    397 |     27 |   3749 |   8 |  634.9 |
       Dungeon |   5078 |   4681 |    397 |     27 |   3749 |   7 |  725.4 |
        Temple |      1 |      1 |      0 |      0 |      0 |   1 |    1.0 |
               +--------+--------+--------+--------+--------+-----+--------+

Top non-repeatable levels by time:
     D:3: 1046 daAuts
     D:1: 971 daAuts
     D:4: 839 daAuts
     D:6: 775 daAuts
     D:5: 602 daAuts
     D:2: 523 daAuts
     D:7: 317 daAuts
  Temple: 1 daAuts
